AoeStats
← High T

Arabia

503232135Analyzed
1v1 RM · 1mo ago on Aug 30, 2026· 57m 12s· 2 players
Game mode
Random Map
Map size
Tiny (2 player)
Population
200
Speed
Normal
Resources
Standard
Victory
Conquest
Starting age
Dark Age
Ending age
Imperial Age
RankedLock teamsTeams togetherTeam positionsShared explorationLock speedFull tech treeHidden civsTurbo modeCheats
Victory
Defeat
🇺🇸 Bulgarians · United States
946
+16
🇧🇪 Hindustanis · Belgium
953
-47
Mr. Kiesang
10:31 Feudal Age
11:16 Double-Bit Axe
13:54 Scale Mail Armor
14:25 Arson
14:57 Forging
18:24 Horse Collar
20:24 Scale Barding Armor
21:35 Bloodlines
26:22 Castle Age
24:42 Stone Mining
24:47 Gold Mining
27:22 Bow Saw
28:11 Stone Shaft Mining
27:28 Pikeman
28:21 Squires
28:59 Heavy Plow
29:41 Wheelbarrow
29:41 Fervor
29:59 Chain Barding Armor
30:15 Iron Casting
31:30 Stone Shaft Mining
31:35 Gold Shaft Mining
31:15 Husbandry
34:19 Chain Mail Armor
34:41 Hand Cart
39:18 Imperial Age
37:29 Ballistics
39:34 Town Watch
39:37 Elite Konnik
41:10 Crop Rotation
42:09 Blast Furnace
41:53 Plate Barding Armor
42:02 Plate Mail Armor
42:35 Town Patrol
42:32 Fletching
42:58 Stirrups
44:45 Bagains
46:22 Halberdier
52:28 Bodkin Arrow
53:38 Chemistry
52:59 Murder Holes
53:15 Masonry
High T
10:53 Feudal Age
11:44 Double-Bit Axe
13:33 Loom
15:57 Forging
18:48 Horse Collar
22:06 Castle Age
20:42 Wheelbarrow
22:00 Bloodlines
24:37 Iron Casting
27:43 Hand Cart
29:28 Fletching
29:39 Padded Archer Armor
31:30 Scale Barding Armor
31:21 Bodkin Arrow
31:41 Leather Archer Armor
31:57 Town Watch
32:04 Stone Mining
32:06 Gold Mining
35:53 Imperial Age
32:48 Light Cavalry
33:29 Husbandry
34:07 Leather Archer Armor
33:57 Scale Barding Armor
33:53 Scale Mail Armor
33:49 Bodkin Arrow
34:57 Ballistics
34:12 Crossbowman
34:58 Thumb Ring
35:11 Heavy Plow
35:23 Bow Saw
37:45 Chemistry
36:15 Heavy Camel Rider
38:50 Blast Furnace
38:46 Chain Barding Armor
41:53 Gold Shaft Mining
41:47 Imperial Camel Rider
51:23 Pikeman
Connection lost

Rejoining the realm…

Still unreachable

The connection could not be restored.

Session expired

The server has moved on; the page needs a fresh start.